 Dungeon Crawl Stone Soup version 0.28-a0-514-g0d7ab7f379 (webtiles) character file.

Game seed: 6982899023602714949

95 Spaninq the Chiller (level 4, -4/25 HPs)
             Began as a Deep Elf Ice Elementalist on Sept 22, 2021.
             Was a Believer of Elyvilon.
             Killed by divine providence
             ... invoked by an orc priest
              (15 damage)
             ... on level 3 of the Dungeon.
             The game lasted 00:07:09 (2374 turns).

Spaninq the Chiller (Deep Elf Ice Elementalist)     Turns: 2374, Time: 00:07:09

Health: -4/25      AC:  3    Str:  5    XL:     4   Next: 39%
Magic:  12/12      EV: 12    Int: 21    God:    Elyvilon [**....]
Gold:   70         SH:  0    Dex: 15    Spells: 7/11 levels left

rFire   . . .      SeeInvis .   g - +0 dagger
rCold   . . .      Faith    .   (no shield)
rNeg    . . .      Spirit   .   a - +0 robe
rPois   .          Reflect  .   (no helmet)
rElec   .          Harm     .   o - +0 cloak
rCorr   .          Rampage  .   (no gloves)
Will    .....                   (no boots)
Stlth   ++........              i - amulet of magic regeneration
HPRegen 0.08/turn               (no ring)
MPRegen 0.38/turn               (no ring)

@: no status effects
A: no striking features
a: Renounce Religion, Lesser Healing, Heal Other, Divine Protection


You were on level 3 of the Dungeon.
You worshipped Elyvilon.
Elyvilon was pleased with you.
You visited 1 branch of the dungeon, and saw 3 of its levels.

You collected 70 gold pieces.

Inventory:

Hand Weapons
 g - a +0 dagger (weapon)
Missiles
 h - 78 stones
 s - a throwing net
Armour
 a - a +0 robe (worn)
 e - a +2 ring mail of willpower
 o - a +0 cloak (worn)
Jewellery
 i - an amulet of magic regeneration (around neck)
Scrolls
 b - 4 scrolls of identify {unknown}
 c - a scroll of holy word {unknown}
 f - a scroll of enchant weapon {unknown}
 k - 2 scrolls of fear {unknown}
 p - a scroll of blinking {unknown}
 r - a scroll of brand weapon {unknown}
Potions
 d - a potion of might {unknown}
 j - a potion of haste {unknown}
 l - a potion of heal wounds {unknown}
 m - 2 potions of flight {unknown}
 n - 2 potions of mutation {unknown}
 q - a potion of brilliance {unknown}


   Skills:
 + Level 1.4 Fighting
 - Level 2.4 Dodging
 - Level 2.4 Stealth
 + Level 4.1 Spellcasting
 * Level 5.5 Ice Magic


You had 7 spell levels left.
You knew the following spells:

 Your Spells              Type           Power      Damage    Failure   Level
a - Freeze                Ice            100%       1d11      1%          1
b - Frozen Ramparts       Ice            54%        1d7       3%          3

Your spell library contained the following spells:

 Spells                   Type           Power      Damage    Failure   Level
 Ozocubu's Armour         Ice            27%        N/A       3%          3
 Animate Skeleton         Necr           8%         N/A       12%         1
 Pain                     Necr           16%        1d4       12%         1
 Vampiric Draining        Necr           2%         2d6       34%         3
 Hailstorm                Conj/Ice       16%        3d6       36%         4
 Ice Form                 Ice/Tmut       16%        N/A       36%         4
 Summon Ice Beast         Ice/Summ       16%        N/A       36%         4


Dungeon Overview and Level Annotations

Branches:
Dungeon (3/15)

Altars:
Elyvilon

Shops:
D:2 *

Portals:
Abyss: D:3

Annotations:
D:3 2 transporters, robertstho's ghost, weakling DjFE


Message History

s - a throwing net
There is an open door here.
Casting: Freeze (safe; 1% risk of failure)
Confirm with . or Enter, or press ? or * to list all spells.
Aiming: Freeze (safe; 1% risk of failure)
Press: ? - help, Shift-Dir - straight line, f - gnoll, p - gnoll
Aim: a gnoll, wielding a +0 club You freeze the gnoll!
The gnoll is severely wounded.
The gnoll misses you.
Casting: Freeze (safe; 1% risk of failure)
Confirm with . or Enter, or press ? or * to list all spells.
Aiming: Freeze (safe; 1% risk of failure)
Press: ? - help, Shift-Dir - straight line, f/p - gnoll
Aim: a gnoll, wielding a +0 club (severely wounded)
You freeze the gnoll.
You kill the gnoll!
The gnoll hits you from afar with a +0 halberd.
Casting: Freeze (safe; 1% risk of failure)
Confirm with . or Enter, or press ? or * to list all spells.
Aiming: Freeze (safe; 1% risk of failure)
Press: ? - help, Shift-Dir - straight line, f - gnoll
Aim: a gnoll, wielding a +0 club (moderately wounded)
You freeze the gnoll.
The gnoll is heavily wounded.
The gnoll barely misses you.
The orc priest shouts!
Casting: Freeze (safe; 1% risk of failure)
Confirm with . or Enter, or press ? or * to list all spells.
Aiming: Freeze (safe; 1% risk of failure)
Press: ? - help, Shift-Dir - straight line, f/p - gnoll
Aim: a gnoll, wielding a +0 club (heavily wounded)
You freeze the gnoll.
The gnoll is heavily wounded.
The gnoll hits you with a +0 club.
The orc priest casts a cantrip, but nothing happens.
The orc priest calls down the wrath of Beogh upon you.
Beogh smites you!
Ouch! That really hurt!
You die...

####.#####.#.........###.........
#..........#+#.#####...).......##
#.##...#.......# #..##....#..#
..##...#.o.....# #...........#
#).....#.......########........#
.).....#.......................#
#.#.####.......gg..#########.....
..#.# ###..#......+... #.#.#.
#.#.# #..#...@..##.# .#.#.
#.#.######..#......##.######.#.
#.#............................
..#>....................###.##.
###.#######.#########.#.##
......................#..#
###.#######.###...##..#..#
#.####......#..(...##..##
#.#....####....###..#...#


You could see an orc priest and 2 gnolls.

Vanquished Creatures
  An orc priest (D:3)
  An adder (D:2)
  A gnoll (D:3)
  3 dart slugs
  3 orcs (D:3)
  4 ball pythons
  2 endoplasms (D:1)
  2 giant cockroaches (D:2)
  5 goblins
  2 hobgoblins
  2 jackals (D:2)
  5 bats
  2 frilled lizards (D:2)
  2 kobolds
  A rat (D:1)
36 creatures vanquished.

Notes
Turn   | Place    | Note
-------+----------+-------------------------------------------
     0 | D:1      | Spaninq the Deep Elf Ice Elementalist began the quest for
                  | the Orb.
     0 | D:1      | Reached XP level 1. HP: 10/10 MP: 6/6
   797 | D:1      | Reached XP level 2. HP: 16/16 MP: 4/8
   856 | D:1      | Found a faded altar of an unknown god.
   977 | D:1      | Became a worshipper of Elyvilon the Healer
   977 | D:1      | Reached * piety under Elyvilon
  1581 | D:2      | Reached ** piety under Elyvilon
  1629 | D:2      | Reached skill level 5 in Ice Magic
  1629 | D:2      | Reached XP level 3. HP: 20/20 MP: 7/10
  1633 | D:2      | Learned a level 3 spell: Frozen Ramparts
  1638 | D:2      | Reached skill level 1 in Fighting
  1714 | D:2      | Found Intopn's Assorted Antiques.
  2027 | D:3      | Found a transporter.
  2027 | D:3      | Noticed a small abomination
  2064 | D:3      | Found a transporter.
  2079 | D:3      | Found a one-way gate to the infinite horrors of the Abyss.
  2079 | D:3      | Noticed robertstho's ghost (weakling DjFE)
  2289 | D:3      | Reached XP level 4. HP: 24/25 MP: 8/12
  2374 | D:3      | Killed from afar by an orc priest

Illustrated notes

Levels and vault maps discovered:
D:1:      dpeg_arrival_renting, layout_loops_corners,
          dreamdust_ecumenical_altar_hidden_monk_grotto, hangedman_decor_push
D:2:      layout_basic, serial_shops, nicolae_shop_statue_plus,
          minmay_octomino_e4
D:3:      layout_basic, gammafunk_ghost_abyssal_escape, serial_shops, shop

Skill      XL: |  1  2  3 |
---------------+----------+-----
Ice Magic      | 5 |  5.5
Fighting       | 1 |  1.4
Spellcasting   | 4 |  4.1
Dodging        | |  2.4
Stealth        | |  2.4

Action                   |  1- 3 |  4- 6 || total
-------------------------+-------+-------++-------
Melee: Dagger            |     1 |       ||     1
 Cast: Freeze            |    53 |     6 ||    59
Armor: Robe              |     4 |       ||     4
Dodge: Dodged            |    22 |     3 ||    25

Table legend: (Time is in decaauts)
 A = Elapsed time spent in this place.
 B = Non-inter-level travel time spent in this place.
 C = Inter-level travel time spent in this place.
 D = Time resting spent in this place.
 E = Time spent auto-exploring this place.
 F = Levels seen in this place.
 G = Mean time per level.
                   A        B        C        D        E       F      G
               +--------+--------+--------+--------+--------+-----+--------+
         Total |   2372 |   2300 |     72 |    255 |   1512 |   3 |  790.7 |
       Dungeon |   2372 |   2300 |     72 |    255 |   1512 |   3 |  790.7 |
               +--------+--------+--------+--------+--------+-----+--------+

Top non-repeatable levels by time:
     D:1: 1352 daAuts
     D:2: 648 daAuts
     D:3: 371 daAuts
